 Dungeon Crawl Stone Soup version 0.28.0 (webtiles) character file.

Game seed: 440052201766513867

115 Sanktem7 the Chiller (level 5, 0/28 HPs)
             Began as a Gargoyle Ice Elementalist on Feb 16, 2022.
             Slain by a bullfrog zombie (1 damage)
             ... on level 3 of the Dungeon.
             The game lasted 00:05:24 (2453 turns).

Sanktem7 the Chiller (Gargoyle Ice Elementalist)    Turns: 2453, Time: 00:05:24

Health: 0/28       AC:  6    Str: 12    XL:     5   Next: 0%
Magic:  0/9        EV: 12    Int: 17    God:
Gold:   50         SH:  0    Dex: 10    Spells: 6/10 levels left

rFire   . . .      SeeInvis .   (no weapon)
rCold   . . .      Faith    .   (no shield)
rNeg    + . .      Spirit   .   a - +0 robe
rPois   ∞          Reflect  .   (no helmet)
rElec   +          Harm     .   (no cloak)
rCorr   .          Rampage  .   (no gloves)
Will    .....                   (no boots)
Stlth   ++........              (no amulet)
HPRegen 0.09/turn               (no ring)
MPRegen 0.11/turn               (no ring)

@: no status effects
A: sickness immunity, AC +4, negative energy resistance 1, electricity
resistance, torment resistance 1, petrification resistance
a: no special abilities


You were on level 3 of the Dungeon.
You visited 1 branch of the dungeon, and saw 3 of its levels.

You collected 50 gold pieces.

Inventory:

Armour
 a - a +0 robe (worn)
Jewellery
 h - a ring of resist corrosion
Scrolls
 e - a scroll of identify {unknown}
 f - a scroll of enchant armour {unknown}
 g - a scroll of teleportation {unknown}
 i - a scroll of summoning {unknown}
Potions
 b - a potion of experience {unknown}
 c - 2 potions of ambrosia {unknown}
 d - a potion of lignification {unknown}


   Skills:
 + Level 1.7 Dodging
 + Level 2.5 Stealth
 * Level 3.2 Spellcasting
 * Level 5.1 Ice Magic


You had 6 spell levels left.
You knew the following spells:

 Your Spells              Type           Power      Damage    Failure   Level
a - Freeze                Ice            80%        1d9       1%          1
b - Frozen Ramparts       Ice            40%        1d6       6%          3

Your spell library contained the following spells:

 Spells                   Type           Power      Damage    Failure   Level
 Ozocubu's Armour         Ice            20%        N/A       6%          3
 Gell's Gravitas          Tloc           2%         N/A       45%         3
 Lesser Beckoning         Tloc           2%         N/A       45%         3
 Teleport Other           Tloc           2%         N/A       45%         3
 Hailstorm                Conj/Ice       11%        3d5       52%         4


Dungeon Overview and Level Annotations

Branches:
Dungeon (3/15)

Altars:


Innate Abilities, Weirdness & Mutations

You are immune to sickness and miasma.
Your stone body is resilient. (AC +4)
You are immune to poison.
You resist negative energy. (rN+)
You are resistant to electric shocks. (rElec)
You are resistant to unholy torment.
You are immune to petrification.


Message History

The bullfrog zombie is severely damaged.
The bullfrog zombie hits you but does no damage.
You completely miss the bullfrog zombie.
The bullfrog zombie is severely damaged.
The bullfrog zombie barely misses you. The bullfrog zombie closely misses you.
Casting: Freeze (safe; 1% risk of failure)
Confirm with . or Enter, or press ? or * to list all spells.
Aiming: Freeze (safe; 1% risk of failure)
Press: ? - help, Shift-Dir - straight line, f/p - bullfrog zombie
Aim: a bullfrog zombie (severely damaged)
You freeze the bullfrog zombie.
The bullfrog zombie resists.
The bullfrog zombie is almost destroyed.
The bullfrog zombie misses you.
You barely miss the bullfrog zombie.
The bullfrog zombie is almost destroyed.
The bullfrog zombie hits you.
* * * LOW HITPOINT WARNING * * *
You hit the bullfrog zombie.
The bullfrog zombie is almost destroyed.
The bullfrog zombie barely misses you.
You hit the bullfrog zombie.
The bullfrog zombie is almost destroyed.
The bullfrog zombie closely misses you. The bullfrog zombie hits you.
* * * LOW HITPOINT WARNING * * *
You barely miss the bullfrog zombie.
The bullfrog zombie is almost destroyed.
The bullfrog zombie hits you.
* * * LOW HITPOINT WARNING * * *
You barely miss the bullfrog zombie. Your punch misses the bullfrog zombie.
The bullfrog zombie is almost destroyed.
The bullfrog zombie hits you.
* * * LOW HITPOINT WARNING * * *
Casting: Freeze (safe; 1% risk of failure)
Confirm with . or Enter, or press ? or * to list all spells.
Aiming: Freeze (safe; 1% risk of failure)
Press: ? - help, Shift-Dir - straight line, f/p - bullfrog zombie
Aim: a bullfrog zombie (almost destroyed)
You freeze the bullfrog zombie but do no damage.
The bullfrog zombie completely resists.
The bullfrog zombie hits you.
You die...

#.......#######.######
#.......# #.#
#.......# ..#
##.....## . ##...##
###.# #.# ##Z## #.@.#
#...# #...# #####


You could see a bullfrog zombie.

Vanquished Creatures
  A hound (D:2)
  An orc priest (D:3)
  An adder (D:2)
  A worm (D:2)
  A dart slug (D:3)
  2 orcs (D:3)
  5 ball pythons
  An endoplasm (D:1)
  3 giant cockroaches (D:2)
  3 goblins
  2 hobgoblins
  7 kobolds
  2 quokkas
  2 bats (D:1)
  4 frilled lizards
  2 rats
38 creatures vanquished.

Notes
Turn   | Place    | Note
-------+----------+-------------------------------------------
     0 | D:1      | Sanktem7 the Gargoyle Ice Elementalist began the quest for
                  | the Orb.
     0 | D:1      | Reached XP level 1. HP: 10/10 MP: 3/3
   472 | D:1      | Reached XP level 2. HP: 15/15 MP: 1/5
  1056 | D:2      | Reached XP level 3. HP: 19/19 MP: 3/6
  1060 | D:2      | Learned a level 3 spell: Frozen Ramparts
  1723 | D:2      | Reached skill level 5 in Ice Magic
  1723 | D:2      | Reached XP level 4. HP: 24/24 MP: 4/8
  2284 | D:3      | Reached XP level 5. HP: 19/28 MP: 7/9
  2452 | D:3      | HP: 1/28 [bullfrog zombie (2)]
  2453 | D:3      | Slain by a bullfrog zombie

Illustrated notes

Levels and vault maps discovered:
D:1:      scummos_arrival_simple_crosswalls, layout_basic
D:2:      layout_loops_cross
D:3:      layout_rooms, hellmonk_ecumenical_altar_lost_god

Skill      XL: |  1  2  3  4 |
---------------+-------------+-----
Ice Magic      | 5 |  5.1
Spellcasting   | 3 |  3.2
Dodging        | |  1.7
Stealth        | |  2.5

Action                   |  1- 3 |  4- 6 || total
-------------------------+-------+-------++-------
Melee: Unarmed           |     1 |    25 ||    26
 Cast: Freeze            |    44 |    30 ||    74
Armor: Robe              |    11 |    23 ||    34
Dodge: Dodged            |    20 |    37 ||    57
